 Dungeon Crawl Stone Soup version 0.30-b1-2-g02819fbbbe (webtiles) character file.

Game seed: 10175730834204590337

1372 snakesoul the Shield-Bearer (level 8, -17/60 (64) HPs)
             Began as a Formicid Fighter on May 31, 2023.
             Demolished by an ogre
             ... wielding a +0 giant spiked club
              (20 damage)
             ... on level 5 of the Dungeon.
             The game lasted 00:07:33 (4902 turns).

snakesoul the Shield-Bearer (Formicid Fighter)      Turns: 4902, Time: 00:07:33

HP:   -17/60 (64)   AC:  8    Str: 22    XL:     8   Next: 98%
MP:   8/8           EV:  9    Int:  9    God:
Gold: 152           SH:  6    Dex: 13    Spells: 7/7 levels left

rFire   + . .        a - +0 war axe
rCold   . . .        c - +0 buckler
rNeg    . . .        b - +0 scale mail
rPois   .            (helmet unavailable)
rElec   .            (no cloak)
rCorr   .            g - +0 pair of gloves
SInv    +            (no boots)
Will    +....        (no amulet) Stlth
                     i - ring of willpower
HPRegen 0.30/turn    x - ring of protection from fire
MPRegen 0.11/turn

%: no passive effects
@: drained
A: permanent stasis, dig shafts and tunnels, antennae 3, four strong arms
a: Dig, Shaft Self


You were on level 5 of the Dungeon.
You visited 1 branch of the dungeon, and saw 5 of its levels.

You collected 222 gold pieces.
You spent 70 gold pieces at shops.

Inventory:

Hand Weapons
 a - a +0 war axe (weapon)
Missiles
 f - 5 javelins (quivered)
 u - 3 boomerangs of dispersal
 w - 6 silver boomerangs
Armour
 b - a +0 scale mail (worn)
 c - a +0 buckler (worn)
 g - a +0 pair of gloves (worn)
Jewellery
 i - a ring of willpower (left hand)
 r - a ring of protection from cold
 x - a ring of protection from fire (right hand)
 B - a ring of protection from cold
Wands
 d - a wand of roots (10)
Scrolls
 e - a scroll of torment {unknown}
 j - 3 scrolls of amnesia {unknown}
 k - 5 scrolls of identify {unknown}
 l - a scroll of magic mapping {unknown}
 o - a scroll of silence {unknown}
 p - 4 scrolls of teleportation {unknown}
 q - a scroll of fear {unknown}
 s - a scroll of enchant weapon {unknown}
 t - 2 scrolls of noise {unknown}
 y - a scroll of butterflies {unknown}
 z - a scroll of immolation {unknown}
 A - a scroll of poison {unknown}
Potions
 h - 3 potions of degeneration {unknown}
 m - a potion of flight {unknown}
 n - a potion of magic {unknown}
 v - a potion of brilliance {unknown}


   Skills:
 + Level 6.0 Fighting
 + Level 4.9 Axes
 + Level 4.3 Throwing
 + Level 6.0 Armour
 + Level 7.3 Shields


You had 7 spell levels left.
You didn't know any spells.
Your spell library contained the following spells:

 Spells                   Type           Power      Damage    Failure   Level
 Ensorcelled Hibernation  Hex/Ice        0%         N/A       87%         2
 Ozocubu's Armour         Ice            0%         N/A       98%         3
 Spider Form              Tmut/Pois      0%         N/A       98%         3
 Anguish                  Hex/Necr       0%         N/A       100%        4
 Metabolic Englaciation   Hex/Ice        0%         N/A       100%        5
 Simulacrum               Ice/Necr       0%         N/A       100%        6


Dungeon Overview and Level Annotations

Branches:
Dungeon (5/15)
 Temple: D:4-7

Altars:
Cheibriados
Nemelex Xobeh
Qazlal
Trog
Uskayaw

Shops:
D:3 ![


Innate Abilities, Weirdness & Mutations

You cannot be hasted, slowed, berserked, paralysed or teleported.
You can dig through walls and to a lower floor.
You have a pair of large antennae on your head. (SInv)
Your four strong arms can wield two-handed weapons with a shield.


Message History

The ufetubus barely misses you.
You completely miss the ufetubus. The ufetubus hits you.
The ufetubus barely misses you. You block the ufetubus's attack.
The ufetubus hits you but does no damage.
You miss the ufetubus. The ufetubus barely misses you.
You block the ufetubus's attack. x2; The ufetubus closely misses you.
You miss the ufetubus. You block the ufetubus's attack.
The ufetubus hits you but does no damage. x2
You block the ufetubus's attack.
You barely miss the ufetubus. The ufetubus hits you. x2
The ufetubus hits you but does no damage.
The ufetubus hits you.
You closely miss the ufetubus. You block the ufetubus's attack.
The ufetubus hits you but does no damage.
The ufetubus barely misses you. x2
You slash the ufetubus!
You kill the ufetubus!
The ogre hits you with a +0 giant spiked club!!
* * * LOW HITPOINT WARNING * * *
You slash the ogre!
The ogre is moderately wounded.
You hit the ogre.
The ogre is heavily wounded.
The ogre closely misses you.
You barely miss the ogre.
The ogre is heavily wounded.
The ogre barely misses you.
You slash the ogre!
The ogre is almost dead.
The ogre hits you with a +0 giant spiked club!
* * * LOW HITPOINT WARNING * * *
You hit the ogre.
The ogre is almost dead.
The ogre closely misses you.
You barely miss the ogre.
The ogre is almost dead.
You barely miss the ogre.
The ogre is almost dead.
The ogre hits you with a +0 giant spiked club!!
You die...

..~......#≈.8..8....8..8.
..~......#≈..............
.###.....#≈≈≈≈≈≈≈..≈≈≈≈≈≈
.........########''#
...................#
................S###
...##..........#f#
.....##........#O#
..........#....#@#
..........#...####
..............##
##.............#
###............##
###.............##
.###..............#
.....###.........##
.....##..........#


You could see an ogre, a sleepcap and an adder.

Vanquished Creatures
  Pikel (D:4)
  A water moccasin (D:5)
  A sky beast (D:3)
  2 ogres (D:4)
  A lemure (D:3)
  A phantom (D:4)
  2 hounds (D:5)
  2 orc priests
  Ijyb (D:4)
  2 iguanas
  2 orc wizards
  3 gnolls (D:2)
  3 adders
  2 white imps (D:5)
  An ufetubus (D:5)
  2 worms
  6 dart slugs
  11 orcs
  4 ball pythons
  14 endoplasms
  3 giant cockroaches
  8 hobgoblins
  6 jackals (D:1)
  11 kobolds
  5 quokkas
  4 bats
  2 frilled lizards
  10 goblins
  9 rats
120 creatures vanquished.

Vanquished Creatures (others)
  A plant (D:4)
1 creature vanquished.

Grand Total: 121 creatures vanquished

Notes
Turn   | Place    | Note
-------+----------+-------------------------------------------
     0 | D:1      | snakesoul the Formicid Fighter began the quest for the Orb.
     0 | D:1      | Reached XP level 1. HP: 18/18 MP: 1/1
   127 | D:1      | Reached XP level 2. HP: 23/24 MP: 2/2
   320 | D:1      | Reached XP level 3. HP: 29/29 MP: 3/3
   426 | D:1      | Found a faded altar of an unknown god.
   693 | D:1      | Reached skill level 1 in Throwing
   971 | D:2      | Reached XP level 4. HP: 18/37 MP: 4/4
  1012 | D:2      | Found a hide-covered altar of Uskayaw.
  1154 | D:2      | Identified the +1 ring mail of the Snail {Str+3}
  1548 | D:2      | Reached XP level 5. HP: 3/42 MP: 5/5
  1778 | D:3      | Found Loch's Distillery.
  1782 | D:3      | Bought a potion of heal wounds for 70 gold pieces
  1922 | D:3      | Found Mabrefenk's Armour Boutique.
  1983 | D:3      | Found a sparkling altar of Nemelex Xobeh.
  2188 | D:3      | Found a stormy altar of Qazlal.
  2188 | D:3      | Noticed a sky beast
  2213 | D:3      | Killed a sky beast
  2214 | D:3      | Reached skill level 5 in Shields
  2214 | D:3      | Reached XP level 6. HP: 33/48 MP: 6/6
  2954 | D:4      | Noticed Ijyb
  2974 | D:4      | Killed Ijyb
  3216 | D:4      | Reached XP level 7. HP: 39/55 MP: 7/7
  3414 | D:4      | Found a bloodstained altar of Trog.
  3576 | D:4      | Noticed Pikel
  3818 | D:4      | Killed Pikel
  3819 | D:4      | Reached skill level 5 in Fighting
  3819 | D:4      | Reached skill level 5 in Armour
  3819 | D:4      | Reached skill level 6 in Shields
  3819 | D:4      | Reached XP level 8. HP: 33/63 MP: 8/8
  4049 | D:5      | Entered Level 5 of the Dungeon
  4321 | D:4      | Reached skill level 7 in Shields
  4506 | D:5      | Found a snail-covered altar of Cheibriados.
  4899 | D:5      | HP: 2/60 [ogre/+0 giant spiked club (16)]
  4902 | D:5      | Demolished by an ogre

Illustrated notes

Levels and vault maps discovered:
D:1:      erik_arrival_blinker_ship, layout_basic,
          hellmonk_ecumenical_altar_pennies_from_heaven, chequers_mini_garden
D:2:      layout_rooms, basic_altar, serial_forest,
          infiniplex_forest_clump_small, infiniplex_forest_straight_3,
          infiniplex_forest_clump_medium, infiniplex_forest_lined_room_2,
          infiniplex_forest_end_2, infiniplex_forest_join,
          infiniplex_forest_clump_large, infiniplex_forest_lined_room_2,
          minmay_door_square
D:3:      layout_loops_corners, mainiacjoe_overflow_paths,
          nicolae_qazlal_beasts_of_the_sky, serial_shops,
          nicolae_shop_hallway_stairs, nicolae_shop_tiny_real_fake_doors,
          grunt_ministairs_10
D:4:      layout_loops_ring, bloody_trog, serial_bayou_pond_a, hex_tiny,
          uniq_pikel, uniq_ijyb
D:5:      layout_cave_pools, nicolae_overflow_hidden_temple,
          chequers_serial_rivers_micro_b, kennysheep_dice

Skill      XL: |  1  2  3  4  5  6  7  8 |
---------------+-------------------------+-----
Throwing       | 1 2 3 4 |  4.3
Armour         | 4 5 6 |  6.0
Fighting       | 4 5 6 |  6.0
Axes           | 3 4 |  4.9
Shields        | 5 6 7 |  7.3

Action                     |  1- 3 |  4- 6 |  7- 9 || total
---------------------------+-------+-------+-------++-------
  Melee: War axe           |    87 |   172 |   131 ||   390
Ability: Dig               |       |       |     1 ||     1
    Use: Potion            |       |     4 |     1 ||     5
 Armour: Scale mail        |    37 |    68 |    57 ||   162
  Dodge: Dodged            |    36 |    80 |    64 ||   180
  Block: Buckler           |    28 |    42 |    41 ||   111
